 Dungeon Crawl Stone Soup version 0.27.0-1-g7a089689b8 (webtiles) character file.

Game seed: 2393960276155565560

12947 octoduck the Destroyer (level 11, -5/86 HPs)
             Began as a Yellow Draconian Conjurer on Aug 12, 2021.
             Was a Priest of Sif Muna.
             Slain by a boulder beetle (17 damage)
             ... on level 12 of the Dungeon.
             The game lasted 01:00:13 (19846 turns).

octoduck the Destroyer (Yellow Draconian Conjurer) Turns: 19846, Time: 01:00:14

Health: -5/86      AC: 10    Str: 11    XL:     11   Next: 69%
Magic:  19/24      EV: 12    Int: 27    God:    Sif Muna [***...]
Gold:   1140       SH:  0    Dex: 15    Spells: 8/19 levels left

rFire    . . .     SeeInvis .   J - +6 Majin-Bo {vamp, MP+6 Int+6}
rCold    . . .     Faith    .   (shield currently unavailable)
rNeg     . . .     Spirit   .   (armour unavailable)
rPois    .         Reflect  .   (helmet restricted)
rElec    .         Harm     .   u - +0 cloak
rCorr    +         Rampage  .   g - +0 pair of gloves
Will     .....                  f - +0 pair of boots
Stlth    ++........             (no amulet)
HPRegen  0.24/turn              n - +6 ring of dexterity
MPRegen  0.19/turn              k - ring of wizardry

@: about to teleport, studying Bows
A: spit acid, AC +7, unfitting armour, cold-blooded, acid resistance
a: Breathe Acid, Renounce Religion, Channel Magic, Forget Spell


You were on level 12 of the Dungeon.
You worshipped Sif Muna.
Sif Muna was most pleased with you.
You visited 2 branches of the dungeon, and saw 14 of its levels.

You collected 1140 gold pieces.

Inventory:

Hand Weapons
 b - a +2 falchion of holy wrath
 y - a +0 lajatang
 F - a +2 dagger of venom
 J - the +6 Majin-Bo (weapon) {vamp, MP+6 Int+6}
   (You acquired it on level 9 of the Dungeon)

   It occasionally heals its wielder for a portion of the damage dealt when they
   wound a living foe with it or with a spell.
   Its wielder's spells cost health as well as magical power.
   Int:       It affects your intelligence (+6).
   MP:        It affects your magic capacity (+6).
 K - a +1 dagger of speed
Missiles
 s - 15 boomerangs
 v - 4 boomerangs of dispersal
 H - 3 throwing nets
Armour
 c - a +0 kite shield
 f - a +0 pair of boots (worn)
 g - a +0 pair of gloves (worn)
 u - a +0 cloak (worn)
 E - a +0 buckler
Jewellery
 k - a ring of wizardry (right hand)
 n - a +6 ring of dexterity (left hand)
 p - a +4 ring of protection
Wands
 m - a wand of paralysis (7)
 q - a wand of flame (41)
 w - a wand of digging (7)
 x - a wand of mindburst (10)
 A - a wand of iceblast (12)
 G - a wand of polymorph (20)
Scrolls
 l - a scroll of magic mapping
 D - a scroll of enchant weapon
Potions
 a - 4 potions of brilliance
 e - a potion of degeneration
 h - 5 potions of curing
 i - 2 potions of lignification
 j - a potion of might
 o - a potion of attraction
 r - a potion of cancellation
 t - 3 potions of heal wounds
 z - a potion of berserk rage
 B - 2 potions of haste
 C - a potion of flight {unknown}
 I - a potion of mutation {unknown}
Miscellaneous
 N - a piece from Xom's chessboard (15/15)


   Skills:
 + Level 5.1 Fighting
 - Level 1.7 Dodging
 - Level 1.7 Stealth
 + Level 4.8 Spellcasting
 - Level 14.4 Conjurations
 - Level 7.9 Hexes
 - Level 4.7 Translocations


You had 8 spell levels left.
You knew the following spells:

 Your Spells              Type           Power      Damage    Failure   Level
a - Magic Dart            Conj           100%       1d8       0%          1
b - Searing Ray           Conj           100%       3d7       1%          2
c - Fulminant Prism       Conj/Hex       30%        3d16      1%          4
d - Iskenderun's Mystic   Conj/Tloc      55%        2d12      1%          4

Your spell library contained the following spells:

 Spells                   Type           Power      Damage    Failure   Level
 Dazzling Flash           Conj/Hex       100%       N/A       1%          3
 Stone Arrow              Conj/Erth      90%        3d12      1%          3
 Animate Skeleton         Necr           12%        N/A       3%          1
 Beastly Appendage        Tmut           12%        N/A       3%          1
 Pain                     Necr           24%        1d5       3%          1
 Sting                    Tmut/Pois      24%        1d4       3%          1
 Passwall                 Tmut/Erth      5%         N/A       4%          2
 Poisonous Vapours        Pois/Air       12%        N/A       4%          2
 Wereblood                Tmut           6%         N/A       4%          2
 Fireball                 Conj/Fire      22%        3d10      4%          5
 Spider Form              Tmut/Pois      3%         N/A       9%          3
 Swiftness                Air            6%         N/A       9%          3
 Vampiric Draining        Necr           3%         2d6       9%          3
 Bolt of Magma            Conj/Fire/Erth 16%        4d9       12%         5
 Invisibility             Hex            24%        N/A       17%         6
 Olgreb's Toxic Radiance  Pois           6%         N/A       28%         4
 Summon Forest            Summ/Tloc      9%         N/A       30%         5
 Eringya's Noxious Bog    Tmut/Pois      3%         N/A       98%         6
 Summon Hydra             Summ           3%         N/A       100%        7


Dungeon Overview and Level Annotations

Branches:
Dungeon (13/15)            Temple (1/1) D:6            Lair (0/6) D:10
    Orc (0/2) D:9
 Vaults: D:13-14

Altars:
Ashenzari
Dithmenos
Elyvilon
Fedhas
Gozag
Kikubaaqudgha
Makhleb
Nemelex Xobeh
Okawaru
Qazlal
Sif Muna
Trog
Uskayaw
Vehumet
Wu Jian
Xom
Yredelemnul
Zin
The Shining One

Shops:
D:2 [

Annotations:
D:8 exclusions: boulder beetle and door


Innate Abilities, Weirdness & Mutations

You can spit globs of acid.
Your golden yellow scales are hard. (AC +7)
You cannot fit into any form of body armour.
You are cold-blooded and may be slowed by cold attacks.
You are resistant to acid. (rCorr)


Message History

Aiming: Searing Ray (safe; 1% risk of failure)
Press: ? - help, Shift-Dir - straight line, f/p - wraith
Aim: a wraith (severely damaged, 83% to hit)
The searing ray hits the wraith.
The wraith is severely damaged. (Press . to maintain the ray.)
The wraith hits you but does no damage.
The boulder beetle leaps!
The searing ray hits the wraith!
You destroy the wraith!
Sif Muna accepts your kill.
You now have 1140 gold pieces (gained 7).
You see here a throwing net.
H - 3 throwing nets (gained 1)
The boulder beetle bites you.
The boulder beetle bites you but does no damage.
The boulder beetle bites you!!
The boulder beetle curls into a ball and begins rolling!
The boulder beetle hits you!
The boulder beetle stops rolling and uncurls.
The boulder beetle curls into a ball and begins rolling!
The boulder beetle hits you!!
* * * LOW HITPOINT WARNING * * *
The boulder beetle stops rolling and uncurls.
The boulder beetle curls into a ball and begins rolling!
The boulder beetle hits you!
* * * LOW HITPOINT WARNING * * *
The boulder beetle stops rolling and uncurls.
Casting: Searing Ray (safe; 1% risk of failure)
Confirm with . or Enter, or press ? or * to list all spells.
You erupt in a blast of force!
The mystic blast hits the boulder beetle.
The boulder beetle is lightly wounded.
The boulder beetle is knocked back by the mystic blast.
* * * LOW HITPOINT WARNING * * *
As you read the scroll of teleportation, it crumbles to dust.
You feel strangely unstable.
The boulder beetle curls into a ball and begins rolling!
Found a stone staircase leading down.
The boulder beetle hits you!
You die...

# #.# #..>.. .
#.#... .# #....#
###.### #....#
...... .... ....#
####.###...#
#..#?B○....#
#..#@##°...#
##..#.##.°..#
#......°....#
#(#...###...#
#......# ...#
###....# ####
#.....###
#.......###########
#...#.............#


You could see a boulder beetle (rolling).

Vanquished Creatures
  3 two-headed ogres
  3 cyclopes (D:11)
  Maggie (D:10)
  A troll (D:10)
  Prince Ribbit (D:7)
  2 hornets
  Sigmund (D:2)
  5 wyverns
  2 wraiths
  8 yaks
  A basilisk (D:7)
  2 vampire mosquitoes (D:10)
  2 acid dragons
  A water moccasin (D:6)
  A sky beast (D:8)
  10 orc warriors
  A black bear (D:6)
  An ice beast (D:7)
  2 necrophages
  An ogre (D:5)
  5 centaurs
  The ghost of erofeev the Caller, an amateur MfSu (D:3)
  A phantom (D:5)
  A kobold brigand (D:3)
  3 gnoll sergeants
  3 bullfrogs
  2 scorpions (D:4)
  A wyvern skeleton (D:5)
  8 wights
  3 killer bees (D:10)
  6 electric eels (D:7)
  11 howler monkeys
  2 centaur zombies
  5 hounds
  3 jellies
  A gnoll shaman (D:10)
  6 orc priests
  3 bullfrog skeletons
  An iguana (D:6)
  10 orc wizards
  2 killer bee zombies
  A hound skeleton (D:5)
  A mummy (D:5)
  2 howler monkey zombies
  7 adders
  8 gnolls
  A shadow imp (D:8)
  An ufetubus (D:5)
  An adder skeleton (D:4)
  A worm (D:3)
  2 dart slugs
  33 orcs
  2 endoplasms (D:4)
  3 giant cockroaches
  4 goblins
  4 hobgoblins
  13 kobolds
  3 quokkas
  7 ball pythons
  3 bats
  5 frilled lizards
  2 kobold zombies (D:5)
  A rat (D:3)
232 creatures vanquished.

Vanquished Creatures (collateral kills)
  A two-headed ogre (D:10)
  A wyvern (D:10)
  An orc warrior (D:10)
3 creatures vanquished.

Vanquished Creatures (others)
  A human (D:8)
  36 fulminant prisms
  7 plants (D:7)
44 creatures vanquished.

Grand Total: 279 creatures vanquished

Notes
Turn   | Place    | Note
-------+----------+-------------------------------------------
     0 | D:1      | octoduck the Draconian Conjurer began the quest for the
                  | Orb.
     0 | D:1      | Reached XP level 1. HP: 14/14 MP: 3/3
   176 | D:1      | Found a faded altar of an unknown god.
   285 | D:1      | Reached XP level 2. HP: 16/20 MP: 3/5
  1342 | D:2      | Reached skill level 5 in Conjurations
  1342 | D:2      | Reached XP level 3. HP: 24/26 MP: 1/6
  1481 | D:2      | Learned a level 2 spell: Searing Ray
  1732 | D:2      | Found Yxitubul's Antique Armour Boutique.
  1752 | D:2      | Noticed Sigmund
  1996 | D:3      | Found a shadowy altar of Dithmenos.
  2226 | D:3      | Reached XP level 4. HP: 15/33 MP: 0/7
  2548 | D:3      | Found a runed translucent gate.
  2548 | D:3      | Found a runed translucent gate.
  2548 | D:3      | Found a runed translucent gate.
  2550 | D:3      | Noticed erofeev's ghost (amateur MfSu)
  2551 | D:3      | Noticed a kobold brigand
  2680 | D:3      | Reached skill level 6 in Conjurations
  3208 | D:3      | Reached XP level 5. HP: 38/38 MP: 3/8
  3521 | D:4      | Found an opulent altar of Gozag.
  3723 | D:4      | Found a stormy altar of Qazlal.
  3740 | D:4      | Reached skill level 7 in Conjurations
  3988 | D:4      | Learned a level 4 spell: Fulminant Prism
  4048 | D:4      | Found a white marble altar of Elyvilon.
  4061 | D:4      | Reached XP level 6. HP: 37/45 MP: 3/9
  4147 | D:4      | Reached skill level 1 in Hexes
  4924 | D:5      | Entered Level 5 of the Dungeon
  5237 | D:5      | Reached skill level 8 in Conjurations
  5350 | D:5      | Your scales start taking on a golden yellow colour.
  5350 | D:5      | Reached XP level 7. HP: 50/50 MP: 1/10
  5350 | D:5      | Gained mutation: You are resistant to acid. (rCorr) [Yellow
                  | Draconian growth]
  5641 | D:5      | Found a glowing silver altar of Zin.
  5764 | D:5      | Reached skill level 9 in Conjurations
  6098 | D:5      | Found an iron altar of Okawaru.
  6300 | D:5      | Found a bloodstained altar of Trog.
  6441 | D:6      | Found a staircase to the Ecumenical Temple.
  6450 | Temple   | Entered the Ecumenical Temple
  6487 | Temple   | Became a worshipper of Sif Muna the Loreminder
  6548 | D:6      | Reached XP level 8. HP: 52/57 MP: 2/11
  6724 | D:5      | Learned a level 4 spell: Iskenderun's Mystic Blast
  7380 | D:7      | Reached skill level 10 in Conjurations
  8489 | D:7      | Noticed Prince Ribbit
  8841 | D:7      | Reached skill level 5 in Hexes
  9115 | D:7      | Reached XP level 9. HP: 56/62 MP: 3/12
  9192 | D:7      | Reached skill level 11 in Conjurations
  9724 | D:8      | Paralysed by a hornet for 2 turns
 10464 | D:7      | Killed Prince Ribbit
 10741 | D:8      | Noticed a boulder beetle
 10801 | D:8      | Reached * piety under Sif Muna
 11305 | D:2      | Killed Sigmund
 11604 | D:3      | Killed erofeev's ghost
 11605 | D:3      | Reached skill level 12 in Conjurations
 12248 | D:8      | Found an ancient bone altar of Kikubaaqudgha.
 12585 | D:8      | Reached skill level 1 in Translocations
 12933 | D:9      | Reached XP level 10. HP: 53/69 MP: 5/13
 13043 | D:9      | Reached ** piety under Sif Muna
 13437 | D:9      | Reached skill level 13 in Conjurations
 13696 | D:9      | Noticed a two-headed ogre
 13705 | D:9      | Killed a two-headed ogre
 14189 | D:9      | Found a blossoming altar of Fedhas.
 14472 | D:9      | Noticed a two-headed ogre
 14687 | D:9      | Found a staircase to the Orcish Mines.
 15216 | D:9      | Killed a two-headed ogre
 15405 | D:9      | Identified a scroll of acquirement
 15405 | D:9      | Acquired the +6 Majin-Bo {vamp, MP+6 Int+6}
 15406 | D:9      | Found the +6 Majin-Bo {vamp, MP+6 Int+6}
 15566 | D:10     | Entered Level 10 of the Dungeon
 15566 | D:10     | Found a staircase to the Lair.
 15598 | D:10     | Noticed Maggie
 15618 | D:10     | Killed Maggie
 16038 | D:10     | Reached skill level 14 in Conjurations
 16542 | D:10     | Reached XP level 11. HP: 74/74 MP: 11/14
 17027 | D:10     | Noticed a two-headed ogre
 17044 | D:10     | HP: 3/74 [two-headed ogre (3)]
 17054 | D:10     | Killed a two-headed ogre
 17295 | D:10     | Noticed a two-headed ogre
 17327 | D:9      | Acquired the Reference Book on the Blaze and Attacks
 17406 | D:10     | Reached skill level 1 in Fighting
 17509 | D:10     | Reached *** piety under Sif Muna
 17867 | D:10     | Found a sparkling altar of Nemelex Xobeh.
 17991 | D:10     | Found a hide-covered altar of Uskayaw.
 18187 | D:10     | Killed a two-headed ogre
 19545 | D:11     | Reached skill level 5 in Fighting
 19779 | D:11     | You fall into a shaft and drop 2 floors!
 19790 | D:12     | Noticed a boulder beetle
 19846 | D:12     | Slain by a boulder beetle

Illustrated notes

Levels and vault maps discovered:
D:1:      matt_arrival_spirals, layout_basic,
          hellmonk_ecumenical_altar_leap_of_faith
D:2:      layout_basic, serial_shops, shop, hex_intersection,
          minmay_misc_feat_hallway, uniq_sigmund
D:3:      layout_loops_ring, nicolae_dithmenos_shadow_blocks,
          gammafunk_ghost_nasty_kobolds, minmay_close_crescents
D:4:      layout_basic, mainiacjoe_overflow_chevrons, mainiacjoe_overflow_paths,
          mainiacjoe_overflow_alcove_1
D:5:      layout_rooms, nicolae_overflow_hidden_temple,
          lemuel_coloured_pillars_altar, zin_treasury,
          mainiacjoe_overflow_concentric_impassable, nicolae_ossuary_entry_giza,
          hex_large, kennysheep_generic_room_6
D:6:      layout_gridville, lemuel_temple_firewalk_a
D:7:      cheibrodos_two_vegetables, layout_cave_pools, grunt_ministairs_11,
          hangedman_decor_growths, uniq_prince_ribbit1
D:8:      layout_basic, tgw_kikubaaqudgha, st_stairs_7
D:9:      layout_loops_ring, fedhas_altar_4, david_orc_4, grunt_ministairs_2
D:10:     minmay_polygon_palace, layout_basic, mainiacjoe_overflow_boulevard,
          nicolae_overflow_crystal_walls, lair_entry_dummy, uniq_maggie
D:11:     layout_small_grid
D:12:     layout_basic, corexii_corridor_pit, uniq_snorg
D:13:     layout_roguey, lightli_vaults_fourway_checkpoint, serial_park_tiny_2
Temple:   eino_wide_crystal_templ

Skill      XL: |  1  2  3  4  5  6  7  8  9 10 11 |
---------------+----------------------------------+-----
Conjurations   | 5 6 7 8 9 10 12 14 | 14.4
Hexes          | 2 3 5 6 7 |  7.9
Translocations | 1 4 |  4.7
Fighting       | 5 |  5.1
Spellcasting   | 4 |  4.8
Dodging        | |  1.7
Stealth        | |  1.7

Action                   |  1- 3 |  4- 6 |  7- 9 | 10-12 || total
-------------------------+-------+-------+-------+-------++-------
Melee: Short sword       |     5 |    37 |    81 |       ||   123
       Tailslap          |       |     4 |    19 |     8 ||    31
       Dagger            |       |       |    23 |    49 ||    72
       Quarterstaff      |       |       |       |    15 ||    15
 Cast: Magic Dart        |    61 |    47 |    64 |    52 ||   224
       Searing Ray       |     1 |    12 |    39 |    61 ||   113
       Fulminant Prism   |       |       |    11 |    25 ||    36
       Iskenderun's Myst |       |       |     6 |    13 ||    19
 Abil: Breathe Acid      |       |       |     2 |     2 ||     4
  Use: Scroll            |     4 |     6 |     9 |     9 ||    28
       Potion            |       |       |     2 |     1 ||     3
 Stab: Sleeping          |     1 |       |     2 |       ||     3
Armor: Skin              |    10 |    19 |    67 |    55 ||   151
Dodge: Dodged            |     7 |    35 |   112 |   117 ||   271
